 Dungeon Crawl Stone Soup version 0.30-a0-374-g95c0257040 (webtiles) character file.

Game seed: 8412566815158080052

660 Bnni the Grasshopper (level 7, 0/56 HPs)
             Began as a Gnoll Warper on Nov 25, 2022.
             Was an Initiate of Ashenzari.
             Killed from afar by Dowan (7 damage)
             ... with a shard of ice
             ... on level 5 of the Dungeon.
             The game lasted 00:08:24 (3703 turns).

Bnni the Grasshopper (Gnoll Warper)                 Turns: 3703, Time: 00:08:24

Health: 0/56       AC: 10    Str: 13    XL:     7   Next: 56%
Magic:  15/15      EV:  7    Int: 12    God:    Ashenzari [......]
Gold:   268        SH:  0    Dex: 11    Spells: 15/17 levels left

rFire   + . .      SeeInvis .    s - +0 war axe
rCold   + . .      Faith    .    (no shield)
rNeg    . . .      Spirit   .    A - +0 chain mail
rPois   +          Reflect  .    B - +0 helmet
rElec   +          Harm     .    (no cloak)
rCorr   +          Rampage  .    (no gloves)
Will    .....                    (no boots)
Stlth   ..........               (no amulet)
HPRegen 0.29/turn                l - ring of resist corrosion
MPRegen 0.14/turn                (no ring)

@: mighty, resistant, hasted, very quick
A: fangs 1, strong nose, distributed training
a: Renounce Religion


You were on level 5 of the Dungeon.
You worshipped Ashenzari.
Ashenzari was noncommittal.
You visited 2 branches of the dungeon, and saw 6 of its levels.

You collected 268 gold pieces.

Inventory:

Hand Weapons
 s - a +0 war axe (weapon)
 E - a +0 trident
Missiles
 d - 7 boomerangs of dispersal
 i - 11 poisoned darts (quivered)
 D - 3 boomerangs
Armour
 A - a +0 chain mail (worn)
 B - a +0 helmet (worn)
Jewellery
 l - a ring of resist corrosion (left hand)
Wands
 u - a wand of digging (4)
 F - a wand of acid (7)
Scrolls
 a - 2 scrolls of magic mapping {unknown}
 c - a scroll of blinking
 f - 2 scrolls of torment {unknown}
 g - 2 scrolls of teleportation {unknown}
 h - a scroll of vulnerability {unknown}
 m - a scroll of summoning {unknown}
 n - 2 scrolls of enchant weapon {unknown}
 q - a scroll of poison {unknown}
 r - a scroll of butterflies {unknown}
 y - 2 scrolls of noise {unknown}
Potions
 b - a potion of brilliance
 j - a potion of attraction
 o - a potion of lignification {unknown}
 v - a potion of flight {unknown}
 w - a potion of heal wounds {unknown}
 z - a potion of magic {unknown}
 C - a potion of degeneration {unknown}


   Skills:
 + Level 5.3 Fighting
 + Level 2.6 Short Blades
 + Level 2.6 Long Blades
 + Level 5.3 Axes
 + Level 2.6 Maces & Flails
 + Level 2.6 Polearms
 + Level 2.6 Staves
 + Level 2.6 Ranged Weapons
 + Level 3.7 Throwing
 + Level 3.7 Armour
 + Level 5.3 Dodging
 + Level 2.6 Stealth
 + Level 2.6 Shields
 + Level 2.6 Unarmed Combat
 + Level 5.7 Spellcasting
 + Level 2.1 Conjurations
 + Level 2.1 Hexes
 + Level 2.1 Summonings
 + Level 2.1 Necromancy
 + Level 5.9 Translocations
 + Level 2.1 Transmutations
 + Level 2.1 Fire Magic
 + Level 2.1 Ice Magic
 + Level 2.1 Air Magic
 + Level 2.1 Earth Magic
 + Level 2.1 Poison Magic
 + Level 3.0 Invocations
 + Level 2.6 Evocations


You had 15 spell levels left.
You knew the following spells:

 Your Spells              Type           Power      Damage    Failure   Level
b - Blink                 Tloc           34%        N/A       56%         2

Your spell library contained the following spells:

 Spells                   Type           Power      Damage    Failure   Level
 Lesser Beckoning         Tloc           34%        N/A       80%         3
 Teleport Other           Tloc           17%        N/A       80%         3
 Slow                     Hex            32%        N/A       91%         1
 Portal Projectile        Hex/Tloc       26%        N/A       97%         3
 Vhi's Electric Charge    Tloc/Air       26%        N/A       97%         3
 Manifold Assault         Tloc           17%        N/A       99%         4
 Confusing Touch          Hex            8%         N/A       100%        3
 Tukima's Dance           Hex            8%         N/A       100%        3
 Vampiric Draining        Necr           8%         2d6       100%        3
 Blade Hands              Tmut           4%         N/A       100%        5


Dungeon Overview and Level Annotations

Branches:
Dungeon (5/15)             Temple (1/1) D:4

Altars:
Ashenzari
Elyvilon
Kikubaaqudgha
Nemelex Xobeh
Ru
Trog
Uskayaw
Vehumet
Xom
The Shining One

Annotations:
D:5 Dowan


Innate Abilities, Weirdness & Mutations

You have very sharp teeth.
Your uncanny sense of smell can sniff out nearby items.
Your experience applies equally to all skills.


Message History

Aim: Duvessa, wielding a +0 rapier and wearing a +4 scale mail of positive energy (moderately wounded, 67% to hit)
You throw a poisoned dart. The poisoned dart hits Duvessa!
Duvessa is poisoned.
Duvessa is moderately wounded.
Duvessa hits you but does no damage.
Throw: 12 darts (poison)
Press: ? - help, Q - select action, (/) - cycle Shift-Dir - straight line, f/p - Duvessa
Aim: Duvessa, wielding a +0 rapier and wearing a +4 scale mail of positive energy (moderately wounded, very poisoned, 67% to hit)
You throw a poisoned dart.
The poisoned dart completely misses Duvessa.
The poisoned dart hits the orc.
The orc is heavily wounded.
Duvessa hits you with a +0 rapier!
* * * LOW HITPOINT WARNING * * *
It was a potion of resistance.
You feel protected. Duvessa hits you but does no damage.
It was a potion of haste.
You feel yourself speed up. Duvessa closely misses you.
It was a potion of might.
You feel very mighty all of a sudden. Duvessa hits you but does no damage.
You slash Duvessa!
Duvessa is severely wounded.
Duvessa hits you but does no damage.
You hit Duvessa.
Duvessa is severely wounded.
You closely miss Duvessa.
Duvessa is almost dead.
Duvessa barely misses you.
You hit Duvessa.
Duvessa is almost dead.
You kill Duvessa!
Dowan seems overcome with grief.
Dowan seems to find hidden reserves of power!
Your Invocations skill increases to level 3!
You slash Dowan! Your bite misses Dowan.
Dowan is heavily wounded.
Dowan gestures at you while chanting. The shard of ice hits you!
You partially resist.
You die...

.... .... ... ... ####.. #.#
#..#.8. ##.###..# ... .
........# #.### ..# ##......#
...# #.... ##.....####
#.###...... ...#......##
#oe@.....#
##.#.####..###o##....... #.#.#
###e..o.##.#..### #.#.#
#.......#..#.##
.........#####o#....#
.....#########....#...
...............).....#########
....##########.#.............#
...# #####..>..##..........#


You could see Dowan (fast) and 3 orcs.

Vanquished Creatures
  Duvessa (D:5)
  An ogre (D:4)
  A phantom (D:5)
  2 scorpions
  A jelly (D:5)
  3 iguanas
  2 gnolls
  8 adders
  A worm (D:3)
  A dart slug (D:1)
  12 orcs
  2 endoplasms
  5 giant cockroaches
  7 goblins
  5 hobgoblins
  5 kobolds
  2 quokkas
  5 ball pythons
  3 bats
  A frilled lizard (D:1)
  2 rats (D:1)
70 creatures vanquished.

Notes
Turn   | Place    | Note
-------+----------+-------------------------------------------
     0 | D:1      | Bnni the Gnoll Warper began the quest for the Orb.
     0 | D:1      | Reached XP level 1. HP: 20/20 MP: 6/6
   117 | D:1      | Reached XP level 2. HP: 23/26 MP: 7/7
   139 | D:1      | Learned a level 2 spell: Blink
   415 | D:1      | Reached skill level 5 in Spellcasting
   415 | D:1      | Reached XP level 3. HP: 9/31 MP: 7/9
   963 | D:2      | Reached skill level 1 in Invocations
  1352 | D:2      | Reached skill level 1 in Short Blades
  1352 | D:2      | Reached skill level 1 in Long Blades
  1352 | D:2      | Reached skill level 1 in Maces & Flails
  1352 | D:2      | Reached skill level 1 in Polearms
  1352 | D:2      | Reached skill level 1 in Staves
  1352 | D:2      | Reached skill level 1 in Ranged Weapons
  1352 | D:2      | Reached skill level 1 in Stealth
  1352 | D:2      | Reached skill level 1 in Shields
  1352 | D:2      | Reached skill level 1 in Unarmed Combat
  1352 | D:2      | Reached skill level 1 in Evocations
  1812 | D:3      | Reached XP level 4. HP: 34/38 MP: 11/11
  1933 | D:3      | Found a sacrificial altar of Ru.
  2325 | D:3      | Found a faded altar of an unknown god.
  2364 | D:4      | Noticed a scorpion
  2374 | D:4      | Killed a scorpion
  2375 | D:4      | Reached skill level 1 in Conjurations
  2375 | D:4      | Reached skill level 1 in Hexes
  2375 | D:4      | Reached skill level 1 in Summonings
  2375 | D:4      | Reached skill level 1 in Necromancy
  2375 | D:4      | Reached skill level 1 in Transmutations
  2375 | D:4      | Reached skill level 1 in Fire Magic
  2375 | D:4      | Reached skill level 1 in Ice Magic
  2375 | D:4      | Reached skill level 1 in Air Magic
  2375 | D:4      | Reached skill level 1 in Earth Magic
  2375 | D:4      | Reached skill level 1 in Poison Magic
  2375 | D:4      | Reached XP level 5. HP: 21/43 MP: 12/12
  2668 | D:4      | Noticed an ogre
  2674 | D:4      | Killed an ogre
  2675 | D:4      | Reached XP level 6. HP: 37/50 MP: 14/14
  2773 | D:4      | Reached skill level 5 in Fighting
  2773 | D:4      | Reached skill level 5 in Axes
  2773 | D:4      | Reached skill level 5 in Dodging
  3217 | D:4      | Found a staircase to the Ecumenical Temple.
  3226 | Temple   | Entered the Ecumenical Temple
  3249 | Temple   | Became a worshipper of Ashenzari the Shackled
  3322 | D:5      | Entered Level 5 of the Dungeon
  3508 | D:5      | Found a hide-covered altar of Uskayaw.
  3508 | D:5      | Found a shimmering altar of Xom.
  3660 | D:5      | Reached XP level 7. HP: 51/56 MP: 15/15
  3664 | D:5      | Noticed Dowan
  3667 | D:5      | Noticed Duvessa
  3702 | D:5      | Killed Duvessa
  3703 | D:5      | Killed from afar by Dowan

Illustrated notes

Levels and vault maps discovered:
D:1:      scummos_arrival_star, layout_basic
D:2:      layout_basic, kennysheep_generic_room_2
D:3:      layout_basic, mainiacjoe_overflow_24_doors,
          shapermc_ecumenical_altar_hornbeckon, hangedman_decor_riveting
D:4:      minmay_evil_eye, layout_rooms, minmay_temple_entry_poolview
D:5:      layout_rooms, grunt_gozag_statues, jmf_multi_god_temple, slow_altar_2,
          uniq_duvessa
Temple:   nicolae_temple_elliptical

Skill      XL: |  1  2  3  4  5  6  7 |
---------------+----------------------+-----
Spellcasting   | 5 |  5.7
Invocations    | 1 2 3 |  3.0
Short Blades   | 1 2 |  2.6
Long Blades    | 1 2 |  2.6
Maces & Flails | 1 2 |  2.6
Polearms       | 1 2 |  2.6
Staves         | 1 2 |  2.6
Ranged Weapons | 1 2 |  2.6
Stealth        | 1 2 |  2.6
Shields        | 1 2 |  2.6
Unarmed Combat | 1 2 |  2.6
Evocations     | 1 2 |  2.6
Conjurations   | 1 2 |  2.1
Hexes          | 1 2 |  2.1
Summonings     | 1 2 |  2.1
Necromancy     | 1 2 |  2.1
Transmutations | 1 2 |  2.1
Fire Magic     | 1 2 |  2.1
Ice Magic      | 1 2 |  2.1
Air Magic      | 1 2 |  2.1
Earth Magic    | 1 2 |  2.1
Poison Magic   | 1 2 |  2.1
Throwing       | 3 |  3.7
Armour         | 3 |  3.7
Fighting       | 5 |  5.3
Axes           | 5 |  5.3
Dodging        | 5 |  5.3
Translocations | |  5.9

Action                   |  1- 3 |  4- 6 |  7- 9 || total
-------------------------+-------+-------+-------++-------
Melee: Hand axe          |    78 |       |       ||    78
       Bite              |     7 |    21 |     2 ||    30
       War axe           |     8 |   151 |    30 ||   189
       Punch             |       |     4 |     1 ||     5
Throw: Dart              |       |    10 |     2 ||    12
  Use: Scroll            |       |     4 |       ||     4
       Potion            |       |       |     5 ||     5
Armor: Leather armour    |     1 |       |       ||     1
       Ring mail         |    18 |    10 |       ||    28
       Chain mail        |       |    80 |    16 ||    96
Dodge: Dodged            |    58 |    80 |    16 ||   154

Table legend: (Time is in decaauts)
 A = Elapsed time spent in this place.
 B = Non-inter-level travel time spent in this place.
 C = Inter-level travel time spent in this place.
 D = Time resting spent in this place.
 E = Time spent auto-exploring this place.
 F = Levels seen in this place.
 G = Mean time per level.
                   A        B        C        D        E       F      G
               +--------+--------+--------+--------+--------+-----+--------+
         Total |   3757 |   3634 |    123 |     56 |   2900 |   6 |  626.2 |
       Dungeon |   3716 |   3609 |    107 |     56 |   2900 |   5 |  743.2 |
        Temple |     40 |     24 |     16 |      0 |      0 |   1 |   40.0 |
               +--------+--------+--------+--------+--------+-----+--------+

Top non-repeatable levels by time:
     D:4: 937 daAuts
     D:2: 916 daAuts
     D:1: 887 daAuts
     D:3: 575 daAuts
     D:5: 399 daAuts
  Temple: 40 daAuts
